General information
			
			
        
        - name: BNet
 
        - type: Ladder 1vs1/FFA
 
        - host: Battle.net
 
        - saver: DirtMcGirt
 
        
map: EchoIsles 
        - players: 2
 
        - length: 50:59
 
        - speed: Fast
 - version: 1.22 W3XP
 - replay type:  Public
 
» download(147 KB)
Players
        team 1 (winner) 
              
              
DirtMcGirt (
orange | 93 APM | 4741 actions | 50:59)
              
 7 Paladin 
 3 Holy Light
 3 Divine Shield
 1 Devotion Aura
 6 Goblin Tinker 
 3 Pocket Factory
 2 Engineering Upgrade
 1 Robo-Goblin
 
                » actions 
                
                | Assign group hotkey | 33 |  | 
| Basic commands | 4 |  | 
| Build / train | 134 |  | 
| Enter build submenu | 34 |  | 
| Enter hero's abilities submenu | 13 |  | 
| Give item / drop item | 11 |  | 
| Remove unit from queue | 3 |  | 
| Right click | 2003 |  | 
| Select / deselect | 1867 |  | 
| Select group hotkey | 427 |  | 
| Use ability | 212 |  | 
                4741 total
 » units 
                
                | Peasant | 20 |  | 
| Footman | 10 |  | 
| Sorceress | 5 |  | 
| Dragonhawk Rider | 28 |  | 
                63 total
 » upgrades
                
                | Lumber Harvesting | 1 |  | 
| Defend | 1 |  | 
| Sorceress Training | 1 |  | 
| Masonry | 2 |  | 
| Magic Sentry | 1 |  | 
| Cloud | 1 |  | 
                7 total
 » buildings
                
                | Altar of Kings | 2 |  | 
| Barracks | 2 |  | 
| Farm | 12 |  | 
| Keep | 2 |  | 
| Lumber Mill | 2 |  | 
| Town Hall | 1 |  | 
| Scout Tower | 25 |  | 
| Arcane Sanctum | 3 |  | 
| Guard Tower | 17 |  | 
| Arcane Vault | 2 |  | 
| Castle | 4 |  | 
| Gryphon Aviary | 2 |  | 
| Arcane Tower | 1 |  | 
                75 total
 » build order
                00:09 Altar of Kings
00:13 Barracks
00:18 Farm
01:01 Farm
02:45 Farm
03:13 Keep
04:02 Lumber Mill
04:14 Town Hall
08:48 Scout Tower
08:49 Scout Tower
08:50 Scout Tower
09:01 Arcane Sanctum
09:08 Arcane Sanctum
10:28 Guard Tower
11:12 Arcane Vault
11:51 Farm
11:52 Farm
12:45 Castle
12:45 Castle
12:45 Castle
15:45 Scout Tower
15:46 Scout Tower
15:46 Scout Tower
15:53 Gryphon Aviary
15:59 Arcane Vault
16:20 Guard Tower
16:20 Guard Tower
16:45 Guard Tower
17:34 Farm
20:45 Farm
20:46 Farm
20:47 Farm
22:41 Keep
26:00 Scout Tower
26:21 Scout Tower
26:28 Scout Tower
26:35 Arcane Tower
26:41 Lumber Mill
27:37 Guard Tower
28:01 Scout Tower
28:02 Scout Tower
28:03 Scout Tower
28:04 Scout Tower
28:04 Scout Tower
29:05 Farm
29:06 Farm
29:07 Farm
29:08 Guard Tower
29:43 Guard Tower
29:49 Guard Tower
30:21 Scout Tower
30:22 Scout Tower
30:23 Scout Tower
30:24 Scout Tower
32:35 Guard Tower
32:50 Scout Tower
32:51 Scout Tower
32:58 Scout Tower
32:59 Scout Tower
33:04 Altar of Kings
33:09 Arcane Sanctum
33:44 Guard Tower
33:44 Guard Tower
33:49 Scout Tower
33:49 Scout Tower
34:13 Castle
34:37 Guard Tower
35:00 Guard Tower
37:44 Gryphon Aviary
40:07 Barracks
40:10 Scout Tower
41:57 Guard Tower
» items
                
                | Boots of Speed | 1 |  | 
| Staff of Teleportation | 2 |  | 
| Scroll of Town Portal | 5 |  | 
| Potion of Mana | 2 |  | 
| Potion of Healing | 4 |  | 
| Lesser Clarity Potion | 2 |  | 
| Staff of Sanctuary | 2 |  | 
| Scroll of Regeneration | 1 |  | 
| Mechanical Critter | 2 |  | 
                21 total
  
               team 2 (loser) 
              
              
reikojd (
purple | 35 APM | 1766 actions | 50:57)
              
 6 Death Knight 
 2 Death Coil
 3 Unholy Aura
 1 Animate Dead
 5 Pit Lord 
 3 Cleaving Attack
 2 Howl of Terror
 
                » actions 
                
                | Assign group hotkey | 2 |  | 
| Build / train | 103 |  | 
| Enter build submenu | 23 |  | 
| Enter hero's abilities submenu | 11 |  | 
| Give item / drop item | 1 |  | 
| Right click | 1076 |  | 
| Select / deselect | 468 |  | 
| Use ability | 82 |  | 
                1766 total
 » units 
                
                | Acolyte | 32 |  | 
| Ghoul | 4 |  | 
| Crypt Fiend | 17 |  | 
| Frost Wyrm | 13 |  | 
| Forest Troll Shadow Priest | 1 |  | 
| Forest Troll Berserker | 1 |  | 
                68 total
 » upgrades
                
                | Creature Carapace | 3 |  | 
| Creature Attack | 2 |  | 
| Web | 2 |  | 
| Freezing Breath | 1 |  | 
                8 total
 » buildings
                
                | Ziggurat | 10 |  | 
| Crypt | 1 |  | 
| Graveyard | 1 |  | 
| Altar of Darkness | 1 |  | 
| Tomb of Relics | 1 |  | 
| Nerubian Tower | 4 |  | 
| Halls of the Dead | 1 |  | 
| Sacrificial Pit | 1 |  | 
| Black Citadel | 1 |  | 
| Boneyard | 2 |  | 
| Necropolis | 3 |  | 
| Spirit Tower | 2 |  | 
                28 total
 » build order
                00:09 Ziggurat
00:16 Crypt
00:22 Graveyard
01:11 Altar of Darkness
02:03 Ziggurat
02:32 Tomb of Relics
03:03 Nerubian Tower
03:35 Halls of the Dead
04:46 Ziggurat
05:46 Ziggurat
06:52 Sacrificial Pit
08:37 Black Citadel
09:17 Nerubian Tower
10:20 Ziggurat
11:22 Boneyard
11:31 Boneyard
11:34 Nerubian Tower
12:25 Ziggurat
12:44 Necropolis
15:22 Necropolis
18:29 Ziggurat
18:35 Ziggurat
19:22 Spirit Tower
19:29 Nerubian Tower
21:58 Ziggurat
23:32 Spirit Tower
37:40 Necropolis
46:27 Ziggurat
» items
                
                | Potion of Healing | 1 |  | 
| Scroll of Town Portal | 1 |  | 
| Orb of Corruption | 2 |  | 
| Potion of Lesser Invulnerability | 1 |  | 
| Scroll of Protection | 1 |  | 
                6 total
  
                Chat log
          (00:28 / All) DirtMcGirt: gl hf
(00:37 / All) reikojd: u 2
(33:24 / All) reikojd: no gold?
(33:27 / All) DirtMcGirt: nope
(37:23 / All) DirtMcGirt: wtf
(37:37 / All) DirtMcGirt: why did they go there
(37:40 / All) DirtMcGirt: ugh
(46:42 / All) reikojd: u dont quit?
(46:49 / All) DirtMcGirt: nope
(50:09 / All) DirtMcGirt: gg
(50:54 / All) DirtMcGirt: u dont quit?